 Dungeon Crawl Stone Soup version 0.28-a0-1227-ga9037bb4c8 (webtiles) character file.

Game seed: 3398658603306615313

25 ReploidZero the Magician (level 3, -4/25 HPs)
             Began as a Djinni Conjurer on Dec 23, 2021.
             Slain by Sigmund (6 damage)
             ... on level 2 of the Dungeon.
             The game lasted 00:02:51 (1094 turns).

ReploidZero the Magician (Djinni Conjurer)          Turns: 1094, Time: 00:02:52

Health: -4/25      AC:  2    Str:  6    XL:     3   Next: 17%
Gold:   76         EV: 12    Int: 21    God:
                   SH:  0    Dex: 11

rFire   + + .      SeeInvis .   d - +2 short sword (elec)
rCold   x . .      Faith    .   (no shield)
rNeg    . . .      Spirit   .   a - +0 robe
rPois   ∞          Reflect  .   (no helmet)
rElec   .          Harm     .   (no cloak)
rCorr   .          Rampage  .   (no gloves)
Will    .....                   (boots unavailable)
Stlth   +.........              (no amulet)
HPRegen 0.08/turn               (no ring)
MPRegen 0.00/turn               (no ring)

@: confused, attractive, flying
A: sickness immunity, fire resistance 2, cold vulnerability 1, float, innate
caster, hp casting, extra vitality 1
a: no special abilities


You were on level 2 of the Dungeon.
You visited 1 branch of the dungeon, and saw 2 of its levels.

You collected 76 gold pieces.

Inventory:

Hand Weapons
 d - a +2 short sword of electrocution (weapon)
Armour
 a - a +0 robe (worn)
Scrolls
 c - 2 scrolls of identify {unknown}
 e - a scroll of teleportation {unknown}
 f - a scroll of fog {unknown}


   Skills:
 - Level 2.1 Dodging
 - Level 1.5 Stealth
 + Level 3.9 Spellcasting


You couldn't memorise any spells.
You knew the following spells:

 Your Spells              Type           Power      Damage    Failure   Level
a - Magic Dart            Conj           80%        1d7       2%          1
b - Searing Ray           Conj           40%        2d5       3%          2
c - Dazzling Flash        Conj/Hex       40%        N/A       7%          3
d - Fulminant Prism       Conj/Hex       10%        3d9       24%         4
e - Iskenderun's Mystic   Conj/Tloc      20%        2d6       24%         4
f - Animate Skeleton      Necr           40%        N/A       2%          1
Your spell library was empty.

Dungeon Overview and Level Annotations

Branches:
Dungeon (2/15)

Altars:

Annotations:
D:2 Sigmund


Innate Abilities, Weirdness & Mutations

You are immune to sickness and miasma.
You are immune to poison.
Your flesh is very heat resistant. (rF++)
You are vulnerable to cold. (rC-)
You float through the air rather than walking.
You learn spells naturally, not from books.
Your magical power is your life essence.
You have superior vitality. (+4 MHP)


Message History

You miss Sigmund.
Sigmund is moderately wounded.
The bat barely misses you. The kobold barely misses you.
You bump into the rock wall.
You feel less confused. The bat hits you. Sigmund hits you with a +0 scythe!
* * * LOW HITPOINT WARNING * * *
The kobold closely misses you. The bat is attracted toward you.
The bat closely misses you.
Sigmund hits you from afar with a +0 scythe.
* * * LOW HITPOINT WARNING * * *
Sigmund is attracted toward you. The bat is attracted toward you.
The kobold is attracted toward you. The bat hits you but does no damage.
Sigmund is attracted toward you. The bat hits you but does no damage.
The bat closely misses you. The bat barely misses you.
Sigmund is attracted toward you. The kobold is attracted toward you.
Okay, then.
You aren't carrying any potions.
Casting: Magic Dart (safe; 2% risk of failure)
Confirm with . or Enter, or press ? or * to list all spells.
Okay, then.
The bat hits you.
* * * LOW HITPOINT WARNING * * *
Sigmund gestures wildly while chanting.
Sigmund flickers and vanishes!
Deactivating autopickup; reactivate with Ctrl-A.
The bat is attracted toward you. Something is attracted toward you.
The kobold is attracted toward you. The bat misses you.
The bat barely misses you. Something is attracted toward you.
The kobold is attracted toward you. The bat hits you but does no damage.
You hear some strange, mumbled words.
You are confused.
Something is attracted toward you. The bat is attracted toward you.
The kobold is attracted toward you.
You closely miss something. The bat barely misses you. Something hits you.
You die...

#.#§# # ..#§#
#.##.# #. #§#
#. #§# #. #§#
#.##K#
######....#
#......§.@#
#.#####...#..#
#.#......b...#
#.#.#####.#.##
#....<......†.
#.#.######.....
#.#.#### ......
#......# ......
#.#.##.# ....


You could see a bat and a kobold.

Vanquished Creatures
  3 endoplasms (D:1)
  2 giant cockroaches (D:1)
  A hobgoblin (D:1)
  4 jackals (D:1)
  A quokka (D:1)
  2 ball pythons
  4 bats (D:1)
  3 goblins (D:1)
  2 rats (D:1)
22 creatures vanquished.

Notes
Turn   | Place    | Note
-------+----------+-------------------------------------------
     0 | D:1      | ReploidZero the Djinni Conjurer began the quest for the
                  | Orb.
     0 | D:1      | Reached XP level 1. HP: 15/15 MP: 0/0
   165 | D:1      | Reached XP level 2. HP: 18/21 MP: 0/0
   321 | D:1      | Found a faded altar of an unknown god.
   722 | D:1      | Reached XP level 3. HP: 13/25 MP: 0/0
   722 | D:1      | Learned a level 1 spell: Animate Skeleton
  1072 | D:2      | Noticed Sigmund
  1094 | D:2      | Slain by Sigmund

Illustrated notes

Levels and vault maps discovered:
D:1:      elethiomel_arrival_shortcut, layout_basic,
          shapermc_ecumenical_altar_mp_ritualfount
D:2:      layout_basic, basic_altar, serial_shops, shop, uniq_sigmund,
          uniq_natasha

Action                   || total
-------------------------++-------
Melee: Dagger            ||     6
       Short sword       ||    15
 Cast: Magic Dart        ||    30
       Searing Ray       ||     1
  Use: Potion            ||     1
Armor: Robe              ||    12
Dodge: Dodged            ||    34

Table legend: (Time is in decaauts)
 A = Elapsed time spent in this place.
 B = Non-inter-level travel time spent in this place.
 C = Inter-level travel time spent in this place.
 D = Time resting spent in this place.
 E = Time spent auto-exploring this place.
 F = Levels seen in this place.
 G = Mean time per level.
                   A        B        C        D        E       F      G
               +--------+--------+--------+--------+--------+-----+--------+
         Total |   1095 |   1029 |     66 |      0 |    880 |   2 |  547.5 |
       Dungeon |   1095 |   1029 |     66 |      0 |    880 |   2 |  547.5 |
               +--------+--------+--------+--------+--------+-----+--------+

Top non-repeatable levels by time:
     D:1: 1025 daAuts
     D:2: 69 daAuts
